 Dungeon Crawl Stone Soup version 0.27-b1-23-g44b8eac545 (webtiles) character file.

Game seed: 3711729200817285942

147 Urokeeper the Covert (level 5, -6/38 HPs)
             Began as a Vampire Brigand on July 27, 2021.
             Mangled by a gnoll (14 damage)
             ... on level 2 of the Dungeon.
             The game lasted 00:06:07 (1280 turns).

Urokeeper the Covert (Vampire Brigand)              Turns: 1280, Time: 00:06:08

Health: -6/38      AC:  4    Str: 10    XL:     5   Next: 7%
Magic:  5/5        EV: 12    Int: 13    God:
Gold:   101        SH:  0    Dex: 17    Spells: 4/4 levels left

rFire    . . .     SeeInvis +   a - +2 dagger
rCold    . . .     Faith    .   (no shield)
rNeg     . . .     Spirit   .   b - +0 robe
rPois    .         Reflect  .   j - +0 helmet
rElec    .         Harm     .   c - +0 cloak
rCorr    .         Rampage  .   (no gloves)
Will     .....                  (no boots)
Stlth    ++++......             (no amulet)
HPRegen  0.32/turn              (no ring)
MPRegen  0.09/turn              (no ring)

@: healing quickly
A: alive, fangs 3, see invisible, vampiric 2
a: Exsanguinate


You were on level 2 of the Dungeon.
You visited 1 branch of the dungeon, and saw 2 of its levels.

You collected 101 gold pieces.

Inventory:

Hand Weapons
 a - a +2 dagger (weapon)
 m - a +0 mace of holy wrath
 n - a +3 quarterstaff of chaos
Missiles
 d - 8 poisoned darts
 e - 10 curare-tipped darts (quivered)
 l - 17 bolts
Armour
 b - a +0 robe (worn)
 c - a +0 cloak (worn)
 j - a +0 helmet (worn)
Jewellery
 g - an amulet of magic regeneration
 h - a ring of wizardry
Scrolls
 f - a scroll of magic mapping {unknown}
 k - a scroll of teleportation {unknown}
Potions
 i - a potion of ambrosia {unknown}


   Skills:
 + Level 2.3 Fighting
 + Level 3.2 Short Blades
 + Level 1.7 Throwing
 + Level 2.1 Dodging
 + Level 8.0 Stealth


You had 4 spell levels left.
You didn't know any spells.
Your spell library contained the following spells:

 Spells                   Type           Power      Damage    Failure   Level
 Corona                   Hex            0%         N/A       30%         1
 Ensorcelled Hibernation  Hex/Ice        0%         N/A       43%         2
 Passwall                 Tmut/Erth      0%         N/A       43%         2
 Swiftness                Air            0%         N/A       67%         3
 Tukima's Dance           Hex            0%         N/A       67%         3
 Invisibility             Hex            0%         N/A       100%        6


Dungeon Overview and Level Annotations

Branches:
Dungeon (2/15)

Altars:
Xom

Shops:
D:1 *


Innate Abilities, Weirdness & Mutations

Your natural rate of healing is accelerated.
You have razor-sharp teeth.
You have supernaturally acute eyesight. (SInv)
You are afflicted with vampirism and can become a bat while bloodless.


Message History

The gnoll is lightly wounded.
You hit the gnoll.
The gnoll is moderately wounded.
The gnoll hits you but does no damage.
You barely miss the gnoll. You bite the gnoll.
The gnoll is severely wounded.
The gnoll closely misses you.
The gnoll shouts!
You hit the gnoll.
The gnoll is almost dead.
The gnoll hits you with a +0 club.
You hit the gnoll.
You kill the gnoll!
The gnoll hits you with a +0 mace.
You see here a +0 club.
The gnoll shouts!
You hit the gnoll.
The gnoll is lightly wounded.
You hit the gnoll.
The gnoll is moderately wounded.
The gnoll hits you but does no damage.
The gnoll hits you from afar with a +0 halberd!
You closely miss the gnoll. Your bite misses the gnoll.
The gnoll is moderately wounded.
The gnoll hits you with a +0 mace!
The gnoll hits you from afar with a +0 halberd.
You are too injured to fight recklessly!
You are too injured to fight recklessly!
You are too injured to fight recklessly!
Things that are here:
a +0 halberd; a scroll labelled CAULUN HASOYJE; 7 gold pieces You closely miss the gnoll.
You bite the gnoll, but do no damage.
The gnoll is moderately wounded.
The gnoll hits you with a +0 mace!
* * * LOW HITPOINT WARNING * * *
You hit the gnoll.
The gnoll is heavily wounded.
The gnoll barely misses you.
The gnoll hits you from afar with a +0 halberd!
You die...

### # .. .# #.###.#
#.....# ##.g#g.#
#..)...# # ###.#@#..#
##.#........#
.....#.#.#..#
####....#.....#
#....#.#.#.#..# #
#####.............#
#.#......#.####..#..#
#.#.##.....#........#
#......#.#.#...#.#..#


You could see 2 gnolls.

Vanquished Creatures
  Crazy Yiuf (D:2)
  Natasha (twice) (D:2)
  2 gnolls (D:2)
  An adder (D:2)
  A dart slug (D:1)
  3 ball pythons
  5 bats
  2 endoplasms
  2 giant cockroaches
  4 goblins
  2 hobgoblins (D:2)
  2 jackals (D:1)
  2 kobolds (D:1)
  3 quokkas
  5 frilled lizards
  4 rats
41 creatures vanquished.

Notes
Turn   | Place    | Note
-------+----------+-------------------------------------------
     0 | D:1      | Urokeeper the Vampire Brigand began the quest for the Orb.
     0 | D:1      | Reached XP level 1. HP: 16/16 MP: 1/1
    22 | D:1      | Found Idogetz's Assorted Antiques.
    26 | D:1      | Reached skill level 6 in Stealth
    47 | D:1      | Reached XP level 2. HP: 16/22 MP: 2/2
   306 | D:1      | Found a faded altar of an unknown god.
   707 | D:2      | Reached skill level 7 in Stealth
   707 | D:2      | Gained mutation: You are afflicted with vampirism and can
                  | become a bat while bloodless. [Vampire growth]
   707 | D:2      | Reached XP level 3. HP: 27/27 MP: 3/3
   941 | D:2      | Noticed Natasha
   944 | D:2      | Killed Natasha
   945 | D:2      | Reached XP level 4. HP: 29/33 MP: 4/4
  1069 | D:2      | Found a runed translucent door.
  1070 | D:2      | Noticed Crazy Yiuf
  1075 | D:2      | Killed Crazy Yiuf
  1156 | D:2      | Found a shimmering altar of Xom.
  1233 | D:2      | Noticed Natasha
  1244 | D:2      | Killed Natasha
  1267 | D:2      | Reached skill level 8 in Stealth
  1267 | D:2      | Reached XP level 5. HP: 38/38 MP: 5/5
  1280 | D:2      | Mangled by a gnoll

Illustrated notes

Levels and vault maps discovered:
D:1:      lightli_arrival_maybe_door_vault, layout_basic, serial_shops, shop,
          chequers_ecumenical_altar_simple
D:2:      kennysheep_big_flooded_room, layout_basic, basic_altar,
          chequers_mini_garden, hangedman_decor_riveting, minivault_23,
          chequers_serial_rivers_micro_a, chequers_arboretum, uniq_natasha,
          uniq_crazy_yiuf_cottage

Skill      XL: |  1  2  3  4 |
---------------+-------------+-----
Stealth        | 6 7 8 |  8.0
Fighting       | 2 |  2.3
Short Blades   | 3 |  3.2
Dodging        | 2 |  2.1
Throwing       | |  1.7

Action                   |  1- 3 |  4- 6 || total
-------------------------+-------+-------++-------
Melee: Dagger            |    76 |    44 ||   120
       Bite              |     5 |     4 ||     9
Throw: Dart              |     4 |     2 ||     6
 Stab: Sleeping          |    11 |     1 ||    12
Armor: Robe              |    31 |     9 ||    40
Dodge: Dodged            |    45 |    19 ||    64
